 Dungeon Crawl Stone Soup version 0.30-a0-737-gf23d94013f (webtiles) character file.

Game seed: 3765636178944136019

107 mopl the Cudgeller (level 4, -8/48 HPs)
             Began as an Ogre Gladiator on Feb 2, 2023.
             Mangled by a gnoll
             ... wielding a +0 halberd
              (11 damage)
             ... on level 2 of the Dungeon.
             The game lasted 00:02:27 (1769 turns).

mopl the Cudgeller (Ogre Gladiator)                 Turns: 1769, Time: 00:02:28

Health: -8/48      AC:  3    Str: 18    XL:     4   Next: 85%
Magic:  4/4        EV: 10    Int:  9    God:
Gold:   110        SH:  0    Dex: 12    Spells: 3/3 levels left

rFire   . . .      SeeInvis .    a - +0 flail
rCold   . . .      Faith    .    (no shield)
rNeg    . . .      Spirit   .    b - +0 robe
rPois   .          Reflect  .    c - +0 hat
rElec   .          Harm     .    (no cloak)
rCorr   .          Rampage  .    (gloves unavailable)
Will    .....                    (boots unavailable)
Stlth   +                        (no amulet)
HPRegen 0.28/turn                (no ring)
MPRegen 0.09/turn                (no ring)

@: no status effects
A: large, unfitting armour, tough skin 1
a: no special abilities


You were on level 2 of the Dungeon.
You visited 1 branch of the dungeon, and saw 3 of its levels.

You collected 110 gold pieces.

Inventory:

Hand Weapons
 a - a +0 flail (weapon)
Missiles
 d - 3 throwing nets (quivered)
 e - a large rock
Armour
 b - a +0 robe (worn)
 c - a +0 hat (worn)
Scrolls
 g - 3 scrolls of noise {unknown}
 i - 2 scrolls of magic mapping {unknown}
 j - 3 scrolls of identify {unknown}
 m - a scroll of teleportation {unknown}
 o - a scroll of enchant armour {unknown}
 p - a scroll of immolation {unknown}
Potions
 f - a potion of flight {unknown}
 h - 2 potions of attraction {unknown}
 k - a potion of ambrosia {unknown}
 l - a potion of brilliance {unknown}
 n - a potion of berserk rage {unknown}


   Skills:
 + Level 3.9 Fighting
 * Level 4.0 Maces & Flails
 + Level 2.9 Throwing
 - Level 2.6 Dodging


You had 3 spell levels left.
You didn't know any spells.
Your spell library contained the following spells:

 Spells                   Type           Power      Damage    Failure   Level
 Necrotise                Necr           0%         1d4       38%         1
 Dazzling Flash           Conj/Hex       0%         N/A       77%         3
 Ignite Poison            Fire/Tmut/Pois 0%         N/A       77%         3
 Kindle Blastsparks       Fire/Tloc/Air  0%         2d10      77%         3
 Vampiric Draining        Necr           0%         2d6       77%         3
 Sticky Flame             Conj/Fire      0%         2d3       99%         4
 Agony                    Necr           0%         N/A       100%        5
 Freezing Cloud           Conj/Ice/Air   0%         6-21      100%        5
 Silence                  Hex/Air        0%         N/A       100%        5
 Ignition                 Fire           0%         3d3       100%        8


Dungeon Overview and Level Annotations

Branches:
Dungeon (3/15)

Altars:

Annotations:
D:3 Ijyb


Innate Abilities, Weirdness & Mutations

You are too large for most types of armour.
You have tough skin. (AC +1)


Message History

No target in view!
No target in view!
No target in view!
No target in view!
Found a stone staircase leading up.
A gnoll comes into view. It is wielding a +0 halberd.
A gnoll comes into view. It is wielding a +0 club.
The gnoll shouts!
You hear a shout!
You see here a +0 dagger.
The gnoll shouts!
You hit the gnoll.
The gnoll is moderately wounded.
The gnoll barely misses you.
You hit the gnoll.
The gnoll is heavily wounded.
The gnoll hits you with a +0 club!
You hit the gnoll.
The gnoll is almost dead.
The gnoll hits you with a +0 club.
You hit the gnoll.
You kill the gnoll!
A gnoll comes into view. It is wielding a +0 spear.
Ijyb the Twisted Goblin comes into view.
She is wielding a +0 dagger and carrying a wand of iceblast (7).
The gnoll hits you from afar with a +0 halberd!
Your Maces & Flails skill increases to level 4!
There is a stone staircase leading up here.
The gnoll closely misses you.
There is a stone staircase leading up here.
The gnoll hits you with a +0 halberd!
* * * LOW HITPOINT WARNING * * *
You climb upwards.
There is a stone staircase leading down here.
You sock the gnoll!
The gnoll is heavily wounded.
The gnoll hits you with a +0 halberd!
* * * LOW HITPOINT WARNING * * *
You closely miss the gnoll.
The gnoll is heavily wounded.
The gnoll hits you with a +0 halberd!
You die...

#....## #.##..#..#.....
#.....# ##.###....#.....
#####.# #.......#.#.....
#.# #....##...#<.... #.#
#....##..##..... #.#
#....##.###.....
###.###....#..# #.....
##...##........###.....
##.....@g....##..##.....
#............###.###.###
#....................#
#....................#
##.........[#........#
##...##...##.......##
###########......>#
#.......# #########


You could see a gnoll.

Vanquished Creatures
  Robin (D:2)
  A gnoll (D:3)
  2 adders (D:2)
  A dart slug (D:1)
  2 ball pythons
  7 endoplasms
  3 giant cockroaches (D:1)
  12 goblins
  7 hobgoblins
  3 jackals (D:2)
  4 kobolds
  2 quokkas (D:1)
  5 bats
  6 frilled lizards
  4 rats
  A spectral hobgoblin (D:1)
61 creatures vanquished.

Notes
Turn   | Place    | Note
-------+----------+-------------------------------------------
     0 | D:1      | mopl the Ogre Gladiator began the quest for the Orb.
     0 | D:1      | Reached XP level 1. HP: 22/22 MP: 1/1
     4 | D:1      | Noticed an elephant
    96 | D:1      | Reached XP level 2. HP: 28/29 MP: 2/2
    98 | D:1      | Reached skill level 3 in Fighting
    98 | D:1      | Reached skill level 3 in Maces & Flails
   374 | D:1      | Found a faded altar of an unknown god.
   466 | D:1      | Reached XP level 3. HP: 18/37 MP: 3/3
   762 | D:1      | Noticed a death yak
  1130 | D:2      | Noticed Robin
  1148 | D:2      | Reached XP level 4. HP: 45/45 MP: 4/4
  1209 | D:2      | Killed Robin
  1754 | D:3      | Noticed Ijyb
  1755 | D:3      | Reached skill level 4 in Maces & Flails
  1769 | D:2      | Mangled by a gnoll

Illustrated notes

Levels and vault maps discovered:
D:1:      sevenhm_arrival_forest_fort_small_2, layout_loops_corners,
          dreamdust_ecumenical_altar_drowned_temple, moated_statue,
          minmay_hexomino_p4
D:2:      layout_rooms, uniq_robin
D:3:      lemuel_castle_with_subvaults [lemuel_castle_interior_carwin_2],
          layout_rooms, uniq_ijyb

Skill      XL: |  1  2  3  4 |
---------------+-------------+-----
Fighting       | 3 |  3.9
Maces & Flails | 3 4 |  4.0
Throwing       | |  2.9
Dodging        | |  2.6

Action                     |  1- 3 |  4- 6 || total
---------------------------+-------+-------++-------
  Melee: Flail             |   124 |    78 ||   202
         Punch             |     1 |     2 ||     3
   Stab: Sleeping          |     2 |       ||     2
 Armour: Robe              |    37 |    22 ||    59
  Dodge: Dodged            |    92 |    45 ||   137

Table legend: (Time is in decaauts)
 A = Elapsed time spent in this place.
 B = Non-inter-level travel time spent in this place.
 C = Inter-level travel time spent in this place.
 D = Time resting spent in this place.
 E = Time spent auto-exploring this place.
 F = Levels seen in this place.
 G = Mean time per level.
                   A        B        C        D        E       F      G
               +--------+--------+--------+--------+--------+-----+--------+
         Total |   1816 |   1781 |     35 |    286 |   1046 |   3 |  605.3 |
       Dungeon |   1816 |   1781 |     35 |    286 |   1046 |   3 |  605.3 |
               +--------+--------+--------+--------+--------+-----+--------+

Top non-repeatable levels by time:
     D:2: 858 daAuts
     D:1: 838 daAuts
     D:3: 118 daAuts
